 Dungeon Crawl Stone Soup version 0.24.0-1-gfbc8707122 (webtiles) character file.

Game seed: 14382163662776531421, levelgen mode: deterministic

57 DavidChitty2 the Shooter (level 3, -5/30 HPs)
             Began as a Centaur Hunter on Oct 27, 2019.
             Killed from afar by Sigmund (10 damage)
             ... with a puff of flame
             ... on level 2 of the Dungeon.
             The game lasted 00:02:52 (1584 turns).

DavidChitty2 the Shooter (Centaur Hunter)           Turns: 1584, Time: 00:02:53

Health: -5/30      AC:  7    Str: 14    XL:     3   Next: 73%
Magic:  3/3        EV:  7    Int: 10    God:
Gold:   120        SH:  0    Dex: 10    Spells: 2/2 levels left

rFire    . . .     SeeInvis .   a - +1 shortbow
rCold    . . .     Gourm    .   (shield currently unavailable)
rNeg     . . .     Faith    .   j - +0 scale mail
rPois    .         Spirit   .   (no helmet)
rElec    .         Reflect  .   (no cloak)
rCorr    .         Harm     .   l - +0 pair of gloves
MR       .....                  (no barding)
Stlth    ..........             (no amulet)
HPRegen  0.10/turn              (no ring)
MPRegen  0.08/turn              (no ring)

@: very quick
A: large, hooves 3, deformed body, speed 2, tough skin 3
a: no special abilities


You were on level 2 of the Dungeon.
You were not hungry.

You visited 1 branch of the dungeon, and saw 2 of its levels.

You collected 120 gold pieces.

Inventory:

Hand Weapons
 a - a +1 shortbow (weapon)
 b - a +0 short sword
Missiles
 d - 41 arrows (quivered)
 f - 111 stones
 k - 17 poisoned darts
 o - 2 throwing nets {!f}
Armour
 j - a +0 scale mail (worn)
   (You found it on level 2 of the Dungeon)
 l - a +0 pair of gloves (worn)
   (You found it on level 1 of the Dungeon)
Jewellery
 u - an uncursed ring of flight {unknown}
   (You found it on level 2 of the Dungeon)
Scrolls
 h - 3 scrolls of remove curse {unknown}
 m - a scroll of fog {unknown}
 p - a scroll of magic mapping {unknown}
 s - a scroll of teleportation {unknown}
Potions
 c - a potion of lignification {unknown}
 g - 3 potions of brilliance {unknown}
 i - a potion of curing {unknown}
 n - 2 potions of ambrosia {unknown}
 q - a potion of degeneration {unknown}
 t - 2 potions of heal wounds {unknown}
Comestibles
 e - 3 rations {!d}
 r - 5 chunks of flesh


   Skills:
 + Level 2.8 Fighting
 * Level 6.7 Bows
 - Level 1.3 Dodging
 - Level 0.4 Stealth


You had 2 spell levels left.
You didn't know any spells.
Your spell library was empty.

Dungeon Overview and Level Annotations

Branches:
Dungeon (2/15)

Altars:
Gozag
Nemelex Xobeh

Annotations:
D:2 Sigmund


Innate Abilities, Weirdness & Mutations

You have hooves in place of feet.
Armour fits poorly on your strangely shaped body.
You cover ground very quickly.
You have extremely tough skin. (AC +3)


Message History

You shoot an arrow.
The arrow hits the bat but does no damage.
The bat hits you but does no damage.
Sigmund hits you from afar with a +0 scythe.
Firing (i - inventory. (/) - cycle)
d - 52 arrows (quivered)
Aim: a bat You shoot an arrow.
The arrow hits Sigmund.
The bat hits you.
Firing (i - inventory. (/) - cycle)
d - 51 arrows (quivered)
Aim: Sigmund, wielding a +0 scythe and wearing a +0 robe (lightly wounded)
You shoot an arrow. The arrow barely misses the bat.
The bat hits you but does no damage. The bat barely misses you.
Sigmund hits you from afar with a +0 scythe!
Firing (i - inventory. (/) - cycle)
d - 50 arrows (quivered)
Aim: a bat You shoot an arrow.
The arrow closely misses Sigmund.
The bat hits you.
Firing (i - inventory. (/) - cycle)
d - 49 arrows (quivered)
Aim: Sigmund, wielding a +0 scythe and wearing a +0 robe (lightly wounded)
You shoot an arrow. The arrow hits the bat.
You kill the bat!
Sigmund hits you but does no damage.
Firing (i - inventory. (/) - cycle)
d - 48 arrows (quivered)
Aim: Sigmund, wielding a +0 scythe and wearing a +0 robe (lightly wounded)
You shoot an arrow. The arrow hits Sigmund.
Sigmund hits you but does no damage.
Firing (i - inventory. (/) - cycle)
d - 47 arrows (quivered)
Aim: Sigmund, wielding a +0 scythe and wearing a +0 robe (lightly wounded)
You shoot an arrow. The arrow hits Sigmund.
Firing (i - inventory. (/) - cycle)
d - 46 arrows (quivered)
Aim: Sigmund, wielding a +0 scythe and wearing a +0 robe (moderately wounded)
You shoot an arrow. The arrow closely misses Sigmund.
Sigmund barely misses you.
Firing (i - inventory. (/) - cycle)
d - 45 arrows (quivered)
Aim: Sigmund, wielding a +0 scythe and wearing a +0 robe (moderately wounded)
You shoot an arrow. The arrow closely misses Sigmund.
Sigmund hits you from afar with a +0 scythe.
* * * LOW HITPOINT WARNING * * *
Firing (i - inventory. (/) - cycle)
d - 44 arrows (quivered)
Aim: Sigmund, wielding a +0 scythe and wearing a +0 robe (moderately wounded)
You shoot an arrow. The arrow hits Sigmund.
Firing (i - inventory. (/) - cycle)
d - 43 arrows (quivered)
Aim: Sigmund, wielding a +0 scythe and wearing a +0 robe (heavily wounded)
You shoot an arrow. The arrow barely misses Sigmund.
Sigmund hits you from afar with a +0 scythe!
* * * LOW HITPOINT WARNING * * *
Firing (i - inventory. (/) - cycle)
d - 42 arrows (quivered)
Aim: Sigmund, wielding a +0 scythe and wearing a +0 robe (heavily wounded)
You shoot an arrow. The arrow barely misses Sigmund.
Sigmund points at you and mumbles some strange words.
The puff of flame hits you!
You die...

#.#..##.....###.#.##.###.####
#............##.#........#
###..##......##.####.#####
#..##.....##.......#
#..####....##.######
#.......##..##<..#
##.##.###.รท..###.#
#.##.##).##..##.#
#.####...@##..###
#.<##..##((##..#
####..##@...##..##
##..##..##..##..## #..##..#
#.(##..# ##..##(
##..##..##### ##..##
...##..##...# ##..##..##..#
###.# ##....##).# #.# #


You could see Sigmund.

Vanquished Creatures
  An adder (D:2)
  2 dart slugs
  9 bats
  5 giant cockroaches (D:2)
  5 goblins
  3 hobgoblins (D:1)
  7 kobolds
  A quokka (D:2)
  A ball python (D:2)
  2 frilled lizards
  4 rats (D:1)
40 creatures vanquished.

Notes
Turn   | Place    | Note
-------+----------+-------------------------------------------
     0 | D:1      | DavidChitty2 the Centaur Hunter began the quest for the
                  | Orb.
     0 | D:1      | Reached XP level 1. HP: 17/17 MP: 1/1
   159 | D:1      | Reached XP level 2. HP: 24/24 MP: 2/2
   424 | D:1      | Reached skill level 6 in Bows
   990 | D:2      | Found an opulent altar of Gozag.
  1025 | D:2      | Reached XP level 3. HP: 30/30 MP: 3/3
  1215 | D:2      | Found a sparkling altar of Nemelex Xobeh.
  1571 | D:2      | Noticed Sigmund
  1584 | D:2      | Killed from afar by Sigmund

Levels and vault maps discovered:
D:1:      dpeg_arrival_three_same_balls, layout_basic, serial_curves,
          eino_curves_02, eino_curves_03, minmay_tromino_v4_a
D:2:      minmay_alternating_diamond, layout_loops_ring,
          nemelex_xobeh_ov_fountains_minmay,
          nicolae_gozag_cash_rules_everything_around_me, uniq_sigmund

Skill      XL: |  1  2 |
---------------+-------+-----
Bows           | 6 |  6.7
Fighting       | |  2.8
Dodging        | |  1.3
Stealth        | |  0.4

Action                   || total
-------------------------++-------
Melee: Short sword       ||   106
       Kick              ||    28
 Fire: Shortbow          ||    17
  Eat: Chunk             ||     1
Armor: Leather armour    ||    29
       Ring mail         ||     4
       Scale mail        ||    45
Dodge: Dodged            ||    67
